 Dungeon Crawl Stone Soup version 0.25-a0-668-gea548f19b6 (webtiles) character file.

Game seed: 11511961795652274200, levelgen mode: deterministic

51 Kohma the Sneak (level 3, -3/18 HPs)
             Began as a Spriggan Assassin on Mar 28, 2020.
             Slain by a worm (8 damage)
             ... on level 2 of the Dungeon.
             The game lasted 00:05:54 (2010 turns).

Kohma the Sneak (Spriggan Assassin)                 Turns: 2010, Time: 00:05:55

Health: -3/18      AC:  3    Str:  7    XL:     3   Next: 57%
Magic:  4/4        EV: 17    Int: 13    God:
Gold:   128        SH:  0    Dex: 17    Spells: 2/2 levels left

rFire    . . .     SeeInvis +   a - +2 dagger
rCold    . . .     Gourm    .   (shield restricted)
rNeg     . . .     Faith    .   b - +0 robe
rPois    .         Spirit   .   k - +0 hat
rElec    .         Reflect  .   c - +0 cloak
rCorr    .         Harm     .   (gloves unavailable)
MR       .....                  (boots unavailable)
Stlth    +++.......             (no amulet)
HPRegen  0.06/turn              (no ring)
MPRegen  0.09/turn              (no ring)

@: very quick
A: very small, unfitting armour, see invisible, herbivore, speed 3, slow
metabolism 2
a: no special abilities


You were on level 2 of the Dungeon.
You were not hungry.

You visited 1 branch of the dungeon, and saw 2 of its levels.

You collected 128 gold pieces.

Inventory:

Hand Weapons
 a - a +2 dagger (weapon)
Missiles
 d - 3 poisoned darts (quivered)
 e - 2 curare-tipped darts {!w =f !D}
 g - 14 sling bullets
Armour
 b - a +0 robe (worn)
 c - a +0 cloak (worn)
 k - a +0 hat (worn)
Jewellery
 m - a cursed amulet of inaccuracy {unknown}
Scrolls
 h - a scroll of teleportation {unknown}
 i - a scroll of enchant armour {unknown}
 j - 2 scrolls of remove curse {unknown}
 l - a scroll of identify {unknown}
 n - a scroll of immolation {unknown}
 p - a scroll of random uselessness {unknown}
Potions
 o - a potion of lignification {unknown}
Comestibles
 f - 6 rations


   Skills:
 + Level 2.1 Fighting
 * Level 3.4 Short Blades
 - Level 2.0 Throwing
 - Level 1.5 Dodging
 + Level 6.4 Stealth


You had 2 spell levels left.
You didn't know any spells.
Your spell library was empty.

Dungeon Overview and Level Annotations

Branches:
Dungeon (2/15)

Altars:
Xom


Innate Abilities, Weirdness & Mutations

You are very small and have problems with some larger weapons.
You are too small for most types of armour.
You have supernaturally acute eyesight. (SInv)
You are a herbivore.
You cover ground extremely quickly.
You need to consume almost no food.


Message History

The worm is heavily wounded.
You hit the worm but do no damage.
The worm is heavily wounded.
The worm bites you.
You hit the worm.
The worm is heavily wounded.
You hit the worm.
The worm is severely wounded.
The worm bites you!
* * * LOW HITPOINT WARNING * * *
You hit the worm.
The worm is severely wounded.
Throwing (i - inventory. (/) - cycle)
d - 4 poisoned darts (quivered)
Press: ? - help, Shift-Dir - straight line, f - worm
Aim: a worm (severely wounded)
You throw a poisoned dart. The poisoned dart hits the worm.
The worm is poisoned.
The worm is severely wounded.
The worm bites you!
You die...

≈≈≈≈≈.##............#########....
≈≈≈≈...#............# ###.#
≈≈.....#..........<## #.#
≈.PP...############# ##########.#
.P.P...##### ### #..........#
....##.....# ..# #.##########
##########.# #.#####....# #####
#.# #w#........# ....# #.#
#@#.######## ###.# #.#
#.#........# ###.# #.#
#.#..#####.# .≈#.######.# #.#..#
≈†#........# #.#..# ..##########
#.#..# ..# #.#..# .≈# #.##.# ≈.#
#....#


You could see a worm.

Vanquished Creatures
  An adder (D:2)
  A worm (D:2)
  A dart slug (D:1)
  A leopard gecko (D:2)
  6 bats
  A giant cockroach (D:1)
  A hobgoblin (D:1)
  4 jackals (D:2)
  3 kobolds
  3 frilled lizards
  5 goblins
  10 rats
37 creatures vanquished.

Vanquished Creatures (others)
  4 toadstools (D:1)
4 creatures vanquished.

Grand Total: 41 creatures vanquished

Notes
Turn   | Place    | Note
-------+----------+-------------------------------------------
     0 | D:1      | Kohma the Spriggan Assassin began the quest for the Orb.
     0 | D:1      | Reached XP level 1. HP: 10/10 MP: 2/2
    33 | D:1      | Reached skill level 6 in Stealth
   202 | D:1      | Reached XP level 2. HP: 6/15 MP: 3/3
  1163 | D:2      | Found a shimmering altar of Xom.
  1438 | D:2      | Reached XP level 3. HP: 16/18 MP: 4/4
  1564 | D:2      | Found a faded altar of an unknown god.
  2010 | D:2      | Slain by a worm

Levels and vault maps discovered:
D:1:      ldierk_walled_garden_2, layout_basic, minmay_misc_feat_rugged
D:2:      layout_basic, overflow_temple_1_default, grunt_temple_overflow_open,
          first_ration, chequers_ecumenical_altar_island,
          guppyfry_early_lair_pool

Skill      XL: |  1  2 |
---------------+-------+-----
Stealth        | 6 |  6.4
Short Blades   | 3 |  3.4
Fighting       | 2 |  2.1
Throwing       | |  2.0
Dodging        | |  1.5

Action                   || total
-------------------------++-------
Melee: Dagger            ||   117
Throw: Dart              ||    36
 Stab: Sleeping          ||     7
Armor: Robe              ||    12
Dodge: Dodged            ||    79

Table legend:
 A = Non-vault XP
 B = Vault XP
 C = Vault XP percentage of total XP
 D = Non-vault monster count
 E = Vault monster count
 F = Vault count percentage of total count
                 A         B        C        D         E       F
            +---------+---------+-------+---------+---------+-------
      Total |      73 |       0 |   0.0 |      37 |       0 |   0.0
            +---------+---------+-------+---------+---------+-------
        D:1 |      27 |       0 |   0.0 |      17 |       0 |   0.0
        D:2 |      46 |       0 |   0.0 |      20 |       0 |   0.0
            +---------+---------+-------+---------+---------+-------
